 Dungeon Sprint DCSS version 0.16-a0-3803-gd4b2de5 (webtiles) character file.

20 PolkaDot the Skirmisher (level 2, -5/29 HPs)
             Began as a Vampire Summoner on Jan 26, 2015.
             Was an Initiate of Sif Muna.
             Slain by a deep elf knight
             ... wielding a +0 long sword
              (19 damage)
             ... in the Dungeon (Sprint V: "Ziggurat Sprint").
             The game lasted 00:01:55 (370 turns).

PolkaDot the Skirmisher (Vampire Summoner)           Turns: 370, Time: 00:01:55

Health: -5/29      AC:  2    Str:  7    XL:     2   Next: 58%
Magic:  11/11      EV: 12    Int: 29    God:    Sif Muna [......]
Gold:   0          SH:  0    Dex: 14    Spells: 1 memorised, 4 levels left

rFire  + . .     SeeInvis +     C - +6 Majin-Bo {vamp, Archmagi MP+6 Int+6}
rCold  . . .     Clarity  .     a - +0 robe
rNeg   + . .     SustAb   .     (no shield)
rPois  .         Gourm    .     (no helmet)
rElec  .         Spirit   .     (no cloak)
rCorr  .         Warding  .     (no gloves)
rMut   .         NoTele   +     (no boots)
MR     .....                    (no amulet)
Stlth  ++........               c - ring of Scepticism {+Inv rF+}
                                A - +6 ring of intelligence

@: not resistant to hostile enchantments, unstealthy
A: bottle blood, fangs 3, see invisible, unbreathing
a: Renounce Religion, Evoke Invisibility


You were in the Dungeon.
You worshipped Sif Muna.
Sif Muna was noncommittal.
You were not thirsty.

You visited 1 branch

Inventory:

Hand weapons
 C - the +6 Majin-Bo (weapon) {vamp, Archmagi MP+6 Int+6}
   (You found it in the Dungeon)

   It inflicts no extra harm, but heals its wielder somewhat when it strikes a
   living foe.
   It affects your intelligence (+6).
   It affects your magic capacity (+6).
Armour
 a - a +0 robe (worn)
Jewellery
 c - the ring of Scepticism (right hand) {+Inv rF+}
   (You found it in the Dungeon)

   [ring of invisibility]

   It protects you from fire.
   It lets you turn invisible.
 A - a +6 ring of intelligence (left hand)
 B - a +6 ring of intelligence
Magical devices
 w - a wand of disintegration (7)
 x - a wand of fire (5)
 y - a wand of cold (5)
 z - a wand of draining (5)
Scrolls
 i - 4 scrolls of blinking
 n - 4 scrolls of enchant armour
 q - 4 scrolls of amnesia
 r - 3 scrolls of recharging
 s - 7 scrolls of fog
 t - 5 scrolls of identify
 u - 5 scrolls of remove curse
 v - 2 scrolls of fear
Potions
 d - 10 potions of curing
 e - 10 potions of heal wounds
 f - 6 potions of haste
 g - 7 potions of magic
 h - 3 potions of berserk rage
 j - 2 potions of brilliance
 k - 2 potions of invisibility
 l - 2 potions of restore abilities
 m - 4 potions of resistance
 o - 5 potions of agility
 p - 5 potions of might
Books
 b - a book of Callings

   Spells                             Type                      Level
   a - Summon Small Mammal            Summoning                    1
   b - Call Imp                       Summoning                    2
   c - Call Canine Familiar           Summoning                    3
   d - Summon Guardian Golem          Hexes/Summoning              4
   e - Summon Lightning Spire         Summoning/Air                4
   f - Summon Ice Beast               Ice/Summoning                4
Miscellaneous
 D - a crystal ball of energy


   Skills:
 - Level 6.7 Fighting
 * Level 1.0 Staves
 - Level 2.1 Dodging
 - Level 3.0 Stealth
 + Level 2.3 Spellcasting
 + Level 4.2 Summonings


You had 4 spell levels left.
You knew the following spells:

 Your Spells              Type           Power        Failure   Level  Hunger
z - Summon Small Mammal   Summ           ####         1%          1    None


Dungeon Overview and Level Annotations

Branches:
Dungeon (1/1)

Altars:
Ashenzari
Cheibriados
Dithmenos
Elyvilon
Fedhas
Gozag
Kikubaaqudgha
Makhleb
Nemelex Xobeh
Okawaru
Qazlal
Ru
Sif Muna
Trog
Vehumet
Xom
Yredelemnul
Zin
The Shining One
Beogh
Jiyva
Lugonu


Innate Abilities, Weirdness & Mutations

You can bottle blood from corpses.
You have razor-sharp teeth.
You have supernaturally acute eyesight.
You can survive without breathing.


Message History

The deep elf conjurer picks up the +6 shield "Cuph" {rN+}.
The deep elf conjurer wears the +6 shield "Cuph" {rN+}.
The deep elf knight gestures wildly while chanting.
The deep elf knight seems to speed up.
Okay, then.
Unknown command.
The deep elf conjurer shouts!
The deep elf mage shouts!
You closely miss the deep elf knight.
The deep elf conjurer shouts!
The deep elf knight hits you but does no damage.
You closely miss the deep elf knight.
The deep elf knight hits you with a long sword!
The deep elf mage casts a spell at you. The flame tongue hits you! You resist.
* * * LOW HITPOINT WARNING * * *
The deep elf conjurer casts a spell at you.
The bolt of lightning misses you.
The deep elf knight hits you with a long sword!!
Ouch! That really hurt!
You die...

▓▓▓▓▓▓▓▓▓▓▓▓▓▓▓▓▓▓▓
▓.8©8.▓.8©8.▓.8©8.▓
▓.)}..▓.).|.▓.....▓
▓..:..▓.....▓.....▓
▓.eeee▓.....▓.....▓
▓..@..▓.....▓.....▓
▓.....▓.....▓.....▓
▓.....▓.....▓▓▓▓▓▓▓
▓▓▓▓▓▓▓▓▓▓▓▓▓


You could see a deep elf knight, 2 deep elf conjurers and a deep elf mage.

Vanquished Creatures
  An adder (D)
  A ball python (D)
  A bat zombie (D)
  A giant cockroach zombie (D)
  A jackal zombie (D)
5 creatures vanquished.

Notes
Turn   | Place    | Note
--------------------------------------------------------------
     0 | D        | PolkaDot, the Vampire Summoner, began the quest for the Orb.
     0 | D        | Reached XP level 1. HP: 13/13 MP: 3/3
     0 | D        | Found a corrupted altar of Lugonu.
     0 | D        | Found a viscous altar of Jiyva.
     0 | D        | Found a white marble altar of Elyvilon.
     0 | D        | Found a burning altar of Makhleb.
     0 | D        | Found an iron altar of Okawaru.
     2 | D        | Found a sparkling altar of Nemelex Xobeh.
     2 | D        | Found a basalt altar of Yredelemnul.
     2 | D        | Found a deep blue altar of Sif Muna.
     2 | D        | Found a radiant altar of Vehumet.
     6 | D        | Found a bloodstained altar of Trog.
    24 | D        | Became a worshipper of Sif Muna the Loreminder
    28 | D        | Found a shimmering altar of Xom.
    75 | D        | Reached skill level 6 in Fighting
    75 | D        | Reached XP level 2. HP: 16/29 MP: 4/4
   220 | D        | Entered arena 1.
   227 | D        | Reached skill level 1 in Staves
   232 | D        | Got the ring of Scepticism {+Inv rF+}
   340 | D        | Entered arena 2.
   366 | D        | Entered arena 3.
   366 | D        | Noticed a deep elf knight
   366 | D        | Noticed a deep elf conjurer
   366 | D        | Noticed a deep elf conjurer
   366 | D        | Noticed a deep elf mage
   370 | D        | Slain by a deep elf knight

Action                   || total
-------------------------++-------
Melee: Quarterstaff      ||    12
 Cast: Summon Small Mamm ||     2
  Use: Potion            ||     2
